3057 views
Uploaded 2020-02-03 00:33:16
Game version 1.32 / 1.32.1
24:39 long 4on4 ladder game on (8)Sanctuary_LV
Saved by BEARAND
3057 views
Uploaded 2020-02-03 00:33:16
Game version 1.32 / 1.32.1
24:39 long 4on4 ladder game on (8)Sanctuary_LV


182 units @ 28.5k
/ 4.2k
109 buildings @ 12.4k
/ 5.6k



| Rod of Necromancy | 2 | 300 |
| Scroll of Town Portal | 1 | 350 |
| total: | 3 | 650g |
| Acolyte | 9 | 675 | / | 0 |
| Ghoul | 3 | 360 | / | 0 |
| Crypt Fiend | 26 | 5590 | / | 1040 |
| Obsidian Statue | 4 | 800 | / | 140 |
| Abomination | 1 | 240 | / | 70 |
| Frost Wyrm | 3 | 1155 | / | 360 |
| total: | 46 | 8820g | / | 1610w |
| Nerubian Tower | 1 | 100 | / | 20 |
| Spirit Tower | 4 | 580 | / | 160 |
| Altar of Darkness | 1 | 180 | / | 50 |
| Crypt | 1 | 200 | / | 50 |
| Ziggurat | 15 | 2250 | / | 750 |
| Tomb of Relics | 1 | 130 | / | 30 |
| Graveyard | 1 | 215 | / | 0 |
| Necropolis | 1 | 225 | / | 0 |
| Slaughterhouse | 1 | 140 | / | 135 |
| Sacrificial Pit | 1 | 75 | / | 150 |
| Boneyard | 1 | 175 | / | 200 |
| Halls of the Dead | 1 | 320 | / | 210 |
| Black Citadel | 1 | 325 | / | 230 |
| total: | 23 | 3590g | / | 1365w |
| 0:04 | Altar of Darkness |
| 0:08 | Crypt |
| 0:12 | Ziggurat |
| 0:27 | Acolyte |
| 0:43 | Acolyte |
| 0:43 | Acolyte |
| 0:53 | Acolyte |
| 1:14 | Ghoul |
| 1:18 | Tomb of Relics |
| 1:39 | Graveyard |
| 1:52 | Nerubian Tower |
| 2:06 | Death Coil |
| 2:10 | Ghoul |
| 2:22 | Ghoul |
| 2:38 | Ziggurat |
| 2:42 | Rod of Necromancy |
| 3:16 | Halls of the Dead |
| 3:34 | Crypt Fiend |
| 3:45 | Rod of Necromancy |
| 4:03 | Crypt Fiend |
| 4:27 | Crypt Fiend |
| 4:34 | Death Pact |
| 4:50 | Crypt Fiend |
| 5:06 | Ziggurat |
| 5:43 | Slaughterhouse |
| 6:29 | Death Pact |
| 6:37 | Acolyte |
| 6:37 | Acolyte |
| 6:45 | Web |
| 6:57 | Creature Attack |
| 7:10 | Frost Nova |
| 7:15 | Acolyte |
| 7:16 | Acolyte |
| 7:55 | Ziggurat |
| 8:06 | Black Citadel |
| 8:08 | Sacrificial Pit |
| 8:21 | Improved Creature Attack |
| 8:22 | Unholy Armor |
| 8:50 | Crypt Fiend |
| 8:50 | Crypt Fiend |
| 8:52 | Ziggurat |
| 9:00 | Obsidian Statue |
| 9:01 | Obsidian Statue |
| 9:23 | Crypt Fiend |
| 9:47 | Ziggurat |
| 10:05 | Dark Ritual |
| 10:14 | Crypt Fiend |
| 10:32 | Death Coil |
| 10:56 | Crypt Fiend |
| 10:56 | Crypt Fiend |
| 11:34 | Advanced Creature Attack |
| 11:35 | Improved Unholy Armor |
| 11:38 | Abomination |
| 12:06 | Crypt Fiend |
| 12:06 | Crypt Fiend |
| 12:47 | Crypt Fiend |
| 12:48 | Crypt Fiend |
| 12:53 | Impale |
| 13:05 | Scroll of Town Portal |
| 13:15 | Crypt Fiend |
| 13:16 | Creature Carapace |
| 13:16 | Improved Creature Carapace |
| 13:33 | Disease Cloud |
| 14:21 | Crypt Fiend |
| 14:35 | Ziggurat |
| 15:22 | Crypt Fiend |
| 15:25 | Ziggurat |
| 15:27 | Advanced Creature Carapace |
| 15:42 | Crypt Fiend |
| 16:13 | Crypt Fiend |
| 16:16 | Boneyard |
| 16:39 | Frost Nova |
| 16:48 | Crypt Fiend |
| 16:48 | Crypt Fiend |
| 16:56 | Obsidian Statue |
| 16:57 | Obsidian Statue |
| 17:36 | Frost Wyrm |
| 17:36 | Frost Wyrm |
| 18:34 | Frost Wyrm |
| 18:35 | Ziggurat |
| 19:30 | Crypt Fiend |
| 19:30 | Crypt Fiend |
| 19:35 | Spirit Tower |
| 20:26 | Death Coil |
| 20:46 | Necropolis |
| 21:00 | Dark Ritual |
| 21:12 | Crypt Fiend |
| 21:15 | Ziggurat |
| 21:30 | Crypt Fiend |
| 21:37 | Ziggurat |
| 22:25 | Acolyte |
| 22:41 | Crypt Fiend |
| 23:04 | Ziggurat |
| 23:05 | Ziggurat |
| 23:07 | Ziggurat |
| 23:34 | Ziggurat |
| 24:24 | Spirit Tower |
| 24:26 | Spirit Tower |
| Select group | 1986 |
| Right click | 935 |
| Select | 727 |
| Build/train/purchase | 101 |
| Assign group | 60 |
| Use ability | 60 |
| Chat | 4 |
| Item give/drop | 2 |


| Scroll of Town Portal | 1 | 350 |
| total: | 1 | 350g |
| Peasant | 25 | 1875 | / | 0 |
| Footman | 10 | 1350 | / | 0 |
| Rifleman | 7 | 1435 | / | 210 |
| Priest | 5 | 675 | / | 50 |
| Knight | 4 | 980 | / | 240 |
| Gryphon Rider | 2 | 560 | / | 140 |
| total: | 53 | 6875g | / | 640w |
| Scout Tower | 8 | 240 | / | 160 |
| Guard Tower | 4 | 280 | / | 200 |
| Barracks | 2 | 320 | / | 120 |
| Altar of Kings | 1 | 180 | / | 50 |
| Farm | 11 | 880 | / | 220 |
| Blacksmith | 1 | 140 | / | 60 |
| Town Hall | 2 | 770 | / | 410 |
| Lumber Mill | 1 | 120 | / | 0 |
| Arcane Vault | 1 | 130 | / | 30 |
| Arcane Sanctum | 1 | 150 | / | 140 |
| Gryphon Aviary | 2 | 280 | / | 300 |
| Keep | 1 | 320 | / | 210 |
| Castle | 1 | 360 | / | 210 |
| total: | 30 | 3210g | / | 1490w |
| 0:08 | Barracks |
| 0:12 | Altar of Kings |
| 0:14 | Peasant |
| 0:16 | Peasant |
| 0:53 | Farm |
| 0:59 | Peasant |
| 1:15 | Footman |
| 1:24 | Footman |
| 1:40 | Farm |
| 1:48 | Peasant |
| 2:10 | Farm |
| 2:17 | Footman |
| 2:24 | Footman |
| 2:24 | Footman |
| 2:48 | Storm Bolt |
| 2:56 | Farm |
| 2:58 | Footman |
| 3:00 | Peasant |
| 3:18 | Footman |
| 3:27 | Peasant |
| 3:32 | Barracks |
| 3:38 | Footman |
| 4:02 | Blacksmith |
| 4:09 | Farm |
| 4:12 | Footman |
| 4:42 | Bash |
| 5:18 | Iron Plating |
| 5:24 | Town Hall |
| 5:57 | Lumber Mill |
| 6:05 | Peasant |
| 6:05 | Peasant |
| 6:10 | Rifleman |
| 6:14 | Footman |
| 6:44 | Keep |
| 7:09 | Defend |
| 7:11 | Iron Forged Swords |
| 7:51 | Storm Bolt |
| 8:44 | Farm |
| 8:45 | Farm |
| 10:04 | Castle |
| 10:13 | Arcane Sanctum |
| 11:15 | Arcane Vault |
| 11:31 | Peasant |
| 11:31 | Peasant |
| 11:32 | Peasant |
| 11:32 | Peasant |
| 11:39 | Steel Plating |
| 11:41 | Improved Lumber Harvesting |
| 11:45 | Priest |
| 11:45 | Priest |
| 11:46 | Priest |
| 11:46 | Priest |
| 11:46 | Priest |
| 12:06 | Rifleman |
| 12:06 | Rifleman |
| 12:12 | Scout Tower |
| 12:18 | Holy Light |
| 12:36 | Gryphon Aviary |
| 12:37 | Gryphon Aviary |
| 12:45 | Animal War Training |
| 12:54 | Peasant |
| 12:54 | Peasant |
| 13:03 | Knight |
| 13:07 | Scroll of Town Portal |
| 13:26 | Rifleman |
| 13:43 | Bash |
| 13:52 | Guard Tower |
| 14:27 | Knight |
| 14:52 | Knight |
| 14:54 | Steel Forged Swords |
| 16:00 | Peasant |
| 16:01 | Peasant |
| 16:01 | Peasant |
| 16:01 | Peasant |
| 16:01 | Peasant |
| 16:08 | Gryphon Rider |
| 17:04 | Town Hall |
| 17:08 | Peasant |
| 17:18 | Farm |
| 17:19 | Farm |
| 17:19 | Farm |
| 17:20 | Farm |
| 17:58 | Advanced Lumber Harvesting |
| 18:44 | Knight |
| 19:11 | Magic Sentry |
| 19:18 | Scout Tower |
| 19:19 | Scout Tower |
| 19:20 | Scout Tower |
| 19:27 | Improved Masonry |
| 20:12 | Rifleman |
| 20:20 | Priest Adept Training |
| 20:25 | Scout Tower |
| 20:25 | Scout Tower |
| 20:25 | Scout Tower |
| 20:26 | Scout Tower |
| 22:02 | Cloud |
| 22:09 | Storm Hammers |
| 22:10 | Gryphon Rider |
| 22:40 | Peasant |
| 22:40 | Peasant |
| 22:40 | Peasant |
| 22:43 | Guard Tower |
| 23:00 | Peasant |
| 23:00 | Peasant |
| 23:24 | Guard Tower |
| 23:37 | Rifleman |
| 23:38 | Rifleman |
| 23:44 | Guard Tower |
| Select | 375 |
| Right click | 320 |
| Select group | 256 |
| Build/train/purchase | 88 |
| Misc. action | 31 |
| Assign group | 19 |
| Use ability | 19 |
| Remove unit | 2 |
| Minimap ping | 1 |


| Scroll of Regeneration | 2 | 200 |
| total: | 2 | 200g |
| Peasant | 8 | 600 | / | 0 |
| Rifleman | 14 | 2870 | / | 420 |
| Priest | 5 | 675 | / | 50 |
| Mortar Team | 2 | 360 | / | 140 |
| total: | 29 | 4505g | / | 610w |
| Scout Tower | 12 | 360 | / | 240 |
| Arcane Tower | 1 | 70 | / | 50 |
| Guard Tower | 4 | 280 | / | 200 |
| Blacksmith | 1 | 140 | / | 60 |
| Altar of Kings | 1 | 180 | / | 50 |
| Barracks | 1 | 160 | / | 60 |
| Farm | 9 | 720 | / | 180 |
| Arcane Vault | 1 | 130 | / | 30 |
| Lumber Mill | 1 | 120 | / | 0 |
| Arcane Sanctum | 2 | 300 | / | 280 |
| Workshop | 2 | 280 | / | 280 |
| Keep | 1 | 320 | / | 210 |
| total: | 30 | 2390g | / | 1180w |
| 0:02 | Peasant |
| 0:02 | Peasant |
| 0:23 | Peasant |
| 0:35 | Peasant |
| 0:48 | Blacksmith |
| 0:50 | Altar of Kings |
| 0:53 | Barracks |
| 0:55 | Peasant |
| 1:05 | Farm |
| 1:13 | Peasant |
| 1:18 | Farm |
| 1:32 | Peasant |
| 1:33 | Peasant |
| 2:01 | Rifleman |
| 2:01 | Rifleman |
| 2:11 | Farm |
| 2:15 | Scout Tower |
| 2:23 | Rifleman |
| 2:36 | Farm |
| 2:44 | Arcane Tower |
| 2:56 | Blizzard |
| 3:07 | Rifleman |
| 3:22 | Arcane Vault |
| 3:30 | Rifleman |
| 3:53 | Rifleman |
| 4:22 | Brilliance Aura |
| 4:39 | Keep |
| 4:40 | Rifleman |
| 4:45 | Farm |
| 4:55 | Scroll of Regeneration |
| 5:39 | Blizzard |
| 5:54 | Rifleman |
| 5:56 | Lumber Mill |
| 5:57 | Farm |
| 6:00 | Farm |
| 6:02 | Black Gunpowder |
| 7:12 | Long Rifles |
| 7:19 | Arcane Sanctum |
| 7:21 | Arcane Sanctum |
| 7:23 | Rifleman |
| 7:43 | Farm |
| 7:45 | Scroll of Regeneration |
| 7:57 | Refined Gunpowder |
| 8:16 | Holy Light |
| 8:37 | Rifleman |
| 8:38 | Priest Adept Training |
| 9:44 | Rifleman |
| 9:57 | Divine Shield |
| 10:02 | Brilliance Aura |
| 10:07 | Priest |
| 10:07 | Priest |
| 10:08 | Rifleman |
| 11:04 | Scout Tower |
| 11:07 | Scout Tower |
| 11:09 | Scout Tower |
| 11:11 | Scout Tower |
| 11:14 | Scout Tower |
| 11:15 | Scout Tower |
| 11:17 | Scout Tower |
| 11:37 | Guard Tower |
| 11:41 | Guard Tower |
| 12:11 | Guard Tower |
| 12:25 | Rifleman |
| 12:26 | Rifleman |
| 12:55 | Scout Tower |
| 12:57 | Scout Tower |
| 13:00 | Scout Tower |
| 13:01 | Scout Tower |
| 14:45 | Holy Light |
| 14:46 | Holy Light |
| 15:09 | Priest |
| 15:09 | Priest |
| 15:09 | Priest |
| 15:11 | Farm |
| 15:13 | Guard Tower |
| 15:49 | Workshop |
| 15:51 | Workshop |
| 17:27 | Mortar Team |
| 17:27 | Mortar Team |
| 17:32 | Studded Leather Armor |
| Right click | 732 |
| Select group | 458 |
| Select | 268 |
| Build/train/purchase | 57 |
| Assign group | 28 |
| Use ability | 28 |
| Chat | 27 |
| Minimap ping | 2 |
| Item give/drop | 1 |
| Remove unit | 1 |

| Peasant | 23 | 1725 | / | 0 |
| Footman | 3 | 405 | / | 0 |
| Rifleman | 14 | 2870 | / | 420 |
| Gryphon Rider | 8 | 2240 | / | 560 |
| Mortar Team | 5 | 900 | / | 350 |
| Priest | 1 | 135 | / | 10 |
| total: | 54 | 8275g | / | 1340w |
| Scout Tower | 1 | 30 | / | 20 |
| Farm | 13 | 1040 | / | 260 |
| Altar of Kings | 1 | 180 | / | 50 |
| Barracks | 1 | 160 | / | 60 |
| Blacksmith | 1 | 140 | / | 60 |
| Lumber Mill | 2 | 240 | / | 0 |
| Town Hall | 2 | 770 | / | 410 |
| Gryphon Aviary | 2 | 280 | / | 300 |
| Workshop | 3 | 420 | / | 420 |
| Keep | 1 | 320 | / | 210 |
| Castle | 2 | 720 | / | 420 |
| total: | 26 | 3260g | / | 1580w |
| 0:06 | Farm |
| 0:07 | Altar of Kings |
| 0:08 | Peasant |
| 0:09 | Peasant |
| 0:25 | Barracks |
| 0:32 | Peasant |
| 0:53 | Peasant |
| 1:05 | Peasant |
| 1:20 | Peasant |
| 1:22 | Farm |
| 1:31 | Blacksmith |
| 1:41 | Footman |
| 1:55 | Farm |
| 2:04 | Footman |
| 2:11 | Farm |
| 2:14 | Summon Water Elemental |
| 2:31 | Footman |
| 2:32 | Peasant |
| 2:49 | Lumber Mill |
| 2:57 | Farm |
| 2:58 | Peasant |
| 3:18 | Rifleman |
| 3:33 | Farm |
| 4:09 | Rifleman |
| 4:14 | Farm |
| 4:41 | Brilliance Aura |
| 4:44 | Rifleman |
| 4:46 | Keep |
| 5:09 | Rifleman |
| 5:13 | Farm |
| 5:26 | Black Gunpowder |
| 6:16 | Summon Water Elemental |
| 6:27 | Town Hall |
| 6:52 | Rifleman |
| 6:56 | Studded Leather Armor |
| 7:00 | Rifleman |
| 7:21 | Rifleman |
| 7:22 | Long Rifles |
| 7:31 | Improved Lumber Harvesting |
| 7:38 | Castle |
| 7:44 | Farm |
| 8:36 | Rifleman |
| 8:37 | Refined Gunpowder |
| 8:40 | Reinforced Leather Armor |
| 9:45 | Rifleman |
| 9:47 | Rifleman |
| 9:50 | Gryphon Aviary |
| 9:56 | Gryphon Aviary |
| 9:58 | Iron Forged Swords |
| 10:02 | Brilliance Aura |
| 11:31 | Storm Hammers |
| 11:35 | Advanced Lumber Harvesting |
| 11:49 | Peasant |
| 11:49 | Peasant |
| 11:49 | Peasant |
| 11:49 | Peasant |
| 12:33 | Gryphon Rider |
| 12:38 | Gryphon Rider |
| 13:15 | Peasant |
| 13:15 | Peasant |
| 13:16 | Peasant |
| 13:16 | Peasant |
| 13:55 | Peasant |
| 15:40 | Steel Forged Swords |
| 15:43 | Gryphon Rider |
| 15:57 | Improved Masonry |
| 16:00 | Dragonhide Armor |
| 16:22 | Farm |
| 16:24 | Farm |
| 16:25 | Farm |
| 16:58 | Gryphon Rider |
| 17:39 | Mithril Forged Swords |
| 18:32 | Town Hall |
| 18:49 | Gryphon Rider |
| 19:28 | Gryphon Rider |
| 20:08 | Rifleman |
| 20:09 | Imbued Gunpowder |
| 20:49 | Gryphon Rider |
| 21:03 | Workshop |
| 21:27 | Lumber Mill |
| 21:32 | Gryphon Rider |
| 22:01 | Workshop |
| 22:04 | Workshop |
| 22:06 | Castle |
| 22:15 | Farm |
| 22:17 | Flare |
| 22:18 | Mortar Team |
| 22:22 | Sorceress Adept Training |
| 22:22 | Priest |
| 22:25 | Mortar Team |
| 22:37 | Scout Tower |
| 22:40 | Rifleman |
| 22:49 | Fragmentation Shards |
| 22:50 | Mortar Team |
| 22:56 | Mortar Team |
| 23:11 | Peasant |
| 23:11 | Peasant |
| 23:19 | Peasant |
| 23:19 | Peasant |
| 23:21 | Peasant |
| 23:31 | Peasant |
| 23:43 | Mortar Team |
| 24:24 | Rifleman |
| 24:24 | Rifleman |
| Right click | 820 |
| Select | 384 |
| Misc. action | 169 |
| Select group | 161 |
| Build/train/purchase | 101 |
| Chat | 36 |
| Assign group | 34 |
| Minimap ping | 34 |
| Resource trade | 12 |
| Esc | 5 |
| Use ability | 2 |
| Remove unit | 1 |
121 units @ 15.8k
/ 2.4k
296 buildings @ 18.6k
/ 10.6k



| Lesser Clarity Potion | 1 | 70 |
| Scroll of Regeneration | 1 | 100 |
| Staff of Sanctuary | 3 | 750 |
| Scroll of Healing | 1 | 250 |
| Scroll of Town Portal | 1 | 350 |
| Staff of Teleportation | 3 | 450 |
| Periapt of Vitality | 1 | 325 |
| Boots of Speed | 4 | 1000 |
| Scroll of Protection | 1 | 150 |
| Healing Salve | 1 | 100 |
| Tiny Great Hall | 1 | 600 |
| total: | 18 | 4145g |
| Peasant | 34 | 2550 | / | 0 |
| Sorceress | 1 | 155 | / | 20 |
| Goblin Shredder | 1 | 375 | / | 100 |
| Goblin Zeppelin | 2 | 480 | / | 120 |
| total: | 38 | 3560g | / | 240w |
| Scout Tower | 101 | 3030 | / | 2020 |
| Arcane Tower | 4 | 280 | / | 200 |
| Guard Tower | 28 | 1960 | / | 1400 |
| Altar of Kings | 1 | 180 | / | 50 |
| Farm | 4 | 320 | / | 80 |
| Lumber Mill | 2 | 240 | / | 0 |
| Town Hall | 3 | 1155 | / | 615 |
| Arcane Vault | 1 | 130 | / | 30 |
| Arcane Sanctum | 1 | 150 | / | 140 |
| Keep | 1 | 320 | / | 210 |
| Castle | 1 | 360 | / | 210 |
| total: | 113 | 5205g | / | 2935w |
| 0:02 | Peasant |
| 0:02 | Peasant |
| 0:06 | Altar of Kings |
| 0:10 | Farm |
| 0:12 | Peasant |
| 0:22 | Peasant |
| 0:33 | Peasant |
| 0:44 | Peasant |
| 0:50 | Lumber Mill |
| 0:56 | Farm |
| 1:01 | Peasant |
| 1:19 | Peasant |
| 1:30 | Scout Tower |
| 1:35 | Peasant |
| 1:41 | Farm |
| 1:44 | Peasant |
| 1:52 | Scout Tower |
| 1:57 | Arcane Tower |
| 2:01 | Peasant |
| 2:10 | Scout Tower |
| 2:16 | Scout Tower |
| 2:19 | Blizzard |
| 2:27 | Guard Tower |
| 2:35 | Peasant |
| 2:35 | Peasant |
| 2:38 | Scout Tower |
| 2:39 | Scout Tower |
| 2:49 | Guard Tower |
| 2:56 | Scout Tower |
| 3:02 | Peasant |
| 3:02 | Peasant |
| 3:04 | Guard Tower |
| 3:07 | Guard Tower |
| 3:11 | Guard Tower |
| 3:28 | Guard Tower |
| 3:38 | Scout Tower |
| 3:49 | Keep |
| 4:06 | Guard Tower |
| 4:47 | Brilliance Aura |
| 4:55 | Town Hall |
| 4:57 | Scout Tower |
| 5:40 | Scout Tower |
| 5:46 | Guard Tower |
| 6:17 | Scout Tower |
| 6:19 | Guard Tower |
| 6:23 | Castle |
| 6:43 | Scout Tower |
| 6:43 | Scout Tower |
| 6:48 | Scout Tower |
| 6:50 | Scout Tower |
| 6:51 | Arcane Tower |
| 7:09 | Scout Tower |
| 7:10 | Scout Tower |
| 7:11 | Guard Tower |
| 7:13 | Guard Tower |
| 7:19 | Scout Tower |
| 7:20 | Guard Tower |
| 7:23 | Arcane Tower |
| 7:25 | Scout Tower |
| 7:57 | Goblin Shredder |
| 8:13 | Guard Tower |
| 8:22 | Arcane Vault |
| 8:28 | Flame Strike |
| 8:38 | Peasant |
| 8:38 | Peasant |
| 8:39 | Peasant |
| 8:40 | Guard Tower |
| 9:05 | Peasant |
| 9:06 | Peasant |
| 9:07 | Scout Tower |
| 9:08 | Scout Tower |
| 9:09 | Scout Tower |
| 9:17 | Peasant |
| 9:17 | Peasant |
| 9:18 | Peasant |
| 9:39 | Blizzard |
| 10:15 | Scout Tower |
| 10:16 | Scout Tower |
| 10:16 | Scout Tower |
| 10:17 | Scout Tower |
| 10:17 | Scout Tower |
| 10:17 | Scout Tower |
| 10:18 | Scout Tower |
| 10:18 | Scout Tower |
| 10:20 | Scout Tower |
| 10:20 | Scout Tower |
| 10:21 | Scout Tower |
| 10:22 | Scout Tower |
| 10:22 | Scout Tower |
| 10:23 | Scout Tower |
| 10:24 | Scout Tower |
| 10:24 | Scout Tower |
| 10:25 | Scout Tower |
| 10:25 | Scout Tower |
| 10:30 | Peasant |
| 10:30 | Peasant |
| 10:30 | Peasant |
| 10:34 | Improved Masonry |
| 10:53 | Rain of Fire |
| 11:03 | Staff of Teleportation |
| 11:03 | Periapt of Vitality |
| 11:07 | Boots of Speed |
| 11:07 | Boots of Speed |
| 11:16 | Lesser Clarity Potion |
| 11:17 | Healing Salve |
| 11:31 | Tiny Great Hall |
| 11:35 | Scout Tower |
| 11:44 | Scout Tower |
| 12:02 | Guard Tower |
| 12:24 | Guard Tower |
| 12:55 | Guard Tower |
| 12:57 | Scout Tower |
| 12:58 | Scout Tower |
| 12:58 | Scout Tower |
| 12:59 | Scout Tower |
| 12:59 | Scout Tower |
| 13:00 | Scout Tower |
| 13:00 | Scout Tower |
| 13:18 | Staff of Teleportation |
| 13:18 | Boots of Speed |
| 13:42 | Guard Tower |
| 13:56 | Siphon Mana |
| 14:27 | Goblin Zeppelin |
| 14:30 | Cleaving Attack |
| 14:40 | Farm |
| 14:48 | Arcane Tower |
| 15:06 | Advanced Masonry |
| 15:21 | Brilliance Aura |
| 15:47 | Town Hall |
| 15:48 | Scout Tower |
| 15:48 | Scout Tower |
| 15:48 | Scout Tower |
| 15:48 | Scout Tower |
| 15:49 | Scout Tower |
| 17:01 | Peasant |
| 17:01 | Peasant |
| 17:01 | Peasant |
| 17:01 | Peasant |
| 17:01 | Peasant |
| 17:05 | Guard Tower |
| 18:01 | Rain of Fire |
| 18:37 | Scroll of Healing |
| 18:38 | Scroll of Protection |
| 18:41 | Staff of Teleportation |
| 18:42 | Boots of Speed |
| 19:12 | Scout Tower |
| 19:13 | Scout Tower |
| 19:13 | Scout Tower |
| 19:14 | Scout Tower |
| 19:15 | Scout Tower |
| 19:15 | Scout Tower |
| 19:16 | Scout Tower |
| 19:16 | Scout Tower |
| 19:16 | Scout Tower |
| 19:17 | Scout Tower |
| 19:18 | Scout Tower |
| 19:18 | Scout Tower |
| 19:19 | Scout Tower |
| 19:19 | Scout Tower |
| 19:41 | Guard Tower |
| 19:44 | Scroll of Regeneration |
| 19:44 | Staff of Sanctuary |
| 19:52 | Guard Tower |
| 19:59 | Town Hall |
| 20:01 | Scout Tower |
| 20:01 | Scout Tower |
| 20:01 | Scout Tower |
| 20:02 | Scout Tower |
| 20:02 | Scout Tower |
| 20:03 | Scout Tower |
| 20:03 | Scout Tower |
| 20:03 | Scout Tower |
| 20:06 | Flame Strike |
| 20:10 | Staff of Sanctuary |
| 20:22 | Guard Tower |
| 20:36 | Peasant |
| 20:39 | Arcane Sanctum |
| 20:52 | Guard Tower |
| 21:00 | Scout Tower |
| 21:00 | Scout Tower |
| 21:01 | Scout Tower |
| 21:01 | Scout Tower |
| 21:04 | Scout Tower |
| 21:04 | Scout Tower |
| 21:05 | Scout Tower |
| 21:05 | Scout Tower |
| 21:06 | Scout Tower |
| 21:06 | Scout Tower |
| 21:07 | Scout Tower |
| 21:08 | Scout Tower |
| 21:32 | Guard Tower |
| 21:43 | Guard Tower |
| 21:46 | Peasant |
| 21:46 | Peasant |
| 21:50 | Scout Tower |
| 21:51 | Scout Tower |
| 21:52 | Scout Tower |
| 21:53 | Scout Tower |
| 21:54 | Scout Tower |
| 21:54 | Scout Tower |
| 21:55 | Scout Tower |
| 21:56 | Scout Tower |
| 21:56 | Scout Tower |
| 21:58 | Scout Tower |
| 21:59 | Scout Tower |
| 21:59 | Scout Tower |
| 22:00 | Scout Tower |
| 22:03 | Goblin Zeppelin |
| 23:00 | Magic Sentry |
| 23:00 | Sorceress Adept Training |
| 23:00 | Sorceress |
| 23:03 | Guard Tower |
| 23:11 | Guard Tower |
| 23:20 | Scroll of Town Portal |
| 23:20 | Staff of Sanctuary |
| 23:33 | Lumber Mill |
| 23:50 | Guard Tower |
| 24:10 | Blizzard |
| 24:20 | Cleaving Attack |
| Right click | 1067 |
| Select group | 352 |
| Select | 332 |
| Build/train/purchase | 161 |
| Use ability | 98 |
| Misc. action | 31 |
| Assign group | 24 |
| Item give/drop | 10 |
| Esc | 4 |
| Minimap ping | 1 |
BEARAND
(24:39) : 


| Lesser Clarity Potion | 2 | 140 |
| Staff of Sanctuary | 3 | 750 |
| Scroll of Town Portal | 1 | 350 |
| Boots of Speed | 3 | 750 |
| Staff of Teleportation | 3 | 450 |
| Healing Salve | 3 | 300 |
| Orb of Lightning | 1 | 375 |
| total: | 16 | 3115g |
| Peasant | 23 | 1725 | / | 0 |
| Dragonhawk Rider | 6 | 1200 | / | 180 |
| Priest | 1 | 135 | / | 10 |
| total: | 30 | 3060g | / | 190w |
| Scout Tower | 83 | 2490 | / | 1660 |
| Arcane Tower | 5 | 350 | / | 250 |
| Guard Tower | 32 | 2240 | / | 1600 |
| Altar of Kings | 1 | 180 | / | 50 |
| Farm | 5 | 400 | / | 100 |
| Lumber Mill | 1 | 120 | / | 0 |
| Town Hall | 4 | 1540 | / | 820 |
| Blacksmith | 1 | 140 | / | 60 |
| Arcane Vault | 2 | 260 | / | 60 |
| Barracks | 1 | 160 | / | 60 |
| Gryphon Aviary | 1 | 140 | / | 150 |
| Arcane Sanctum | 1 | 150 | / | 140 |
| Keep | 1 | 320 | / | 210 |
| Castle | 1 | 360 | / | 210 |
| total: | 100 | 5580g | / | 3100w |
| 0:03 | Peasant |
| 0:03 | Peasant |
| 0:09 | Altar of Kings |
| 0:15 | Peasant |
| 0:19 | Farm |
| 0:24 | Peasant |
| 0:32 | Peasant |
| 0:41 | Peasant |
| 0:44 | Farm |
| 0:50 | Peasant |
| 0:54 | Scout Tower |
| 1:02 | Peasant |
| 1:07 | Lumber Mill |
| 1:12 | Peasant |
| 1:20 | Scout Tower |
| 1:29 | Peasant |
| 1:36 | Arcane Tower |
| 1:37 | Peasant |
| 1:47 | Peasant |
| 1:58 | Peasant |
| 1:59 | Peasant |
| 2:02 | Scout Tower |
| 2:07 | Blizzard |
| 2:11 | Peasant |
| 2:15 | Guard Tower |
| 2:40 | Peasant |
| 2:41 | Guard Tower |
| 2:42 | Scout Tower |
| 2:43 | Scout Tower |
| 2:43 | Scout Tower |
| 3:09 | Peasant |
| 3:16 | Brilliance Aura |
| 3:28 | Guard Tower |
| 3:34 | Keep |
| 3:38 | Farm |
| 3:39 | Farm |
| 3:43 | Guard Tower |
| 3:45 | Scout Tower |
| 3:46 | Scout Tower |
| 3:52 | Healing Salve |
| 4:02 | Scout Tower |
| 4:03 | Scout Tower |
| 4:03 | Guard Tower |
| 4:41 | Boots of Speed |
| 4:41 | Staff of Teleportation |
| 5:55 | Guard Tower |
| 6:00 | Improved Masonry |
| 6:53 | Storm Bolt |
| 7:11 | Blizzard |
| 7:20 | Town Hall |
| 7:23 | Scout Tower |
| 7:23 | Scout Tower |
| 7:23 | Scout Tower |
| 7:24 | Scout Tower |
| 7:24 | Scout Tower |
| 7:24 | Scout Tower |
| 7:28 | Scout Tower |
| 7:28 | Scout Tower |
| 7:29 | Scout Tower |
| 7:29 | Scout Tower |
| 7:29 | Scout Tower |
| 7:30 | Scout Tower |
| 7:31 | Advanced Masonry |
| 7:32 | Improved Lumber Harvesting |
| 7:54 | Guard Tower |
| 7:55 | Guard Tower |
| 7:55 | Arcane Tower |
| 7:58 | Scout Tower |
| 7:59 | Scout Tower |
| 8:22 | Guard Tower |
| 8:36 | Guard Tower |
| 8:53 | Staff of Teleportation |
| 8:53 | Boots of Speed |
| 9:19 | Guard Tower |
| 9:20 | Guard Tower |
| 9:29 | Guard Tower |
| 9:41 | Guard Tower |
| 10:00 | Peasant |
| 10:34 | Healing Salve |
| 11:12 | Castle |
| 11:15 | Gryphon Aviary |
| 11:16 | Blacksmith |
| 11:21 | Orb of Lightning |
| 11:30 | Lesser Clarity Potion |
| 11:31 | Lesser Clarity Potion |
| 11:34 | Peasant |
| 11:37 | Scout Tower |
| 11:38 | Scout Tower |
| 11:38 | Scout Tower |
| 11:39 | Scout Tower |
| 11:39 | Scout Tower |
| 11:40 | Scout Tower |
| 11:55 | Arcane Vault |
| 12:04 | Healing Salve |
| 12:10 | Scout Tower |
| 12:10 | Scout Tower |
| 12:11 | Scout Tower |
| 12:11 | Scout Tower |
| 12:12 | Scout Tower |
| 12:12 | Scout Tower |
| 12:39 | Arcane Vault |
| 13:01 | Guard Tower |
| 13:02 | Guard Tower |
| 13:07 | Scout Tower |
| 13:08 | Scout Tower |
| 13:09 | Scout Tower |
| 13:12 | Guard Tower |
| 13:13 | Guard Tower |
| 13:15 | Dragonhawk Rider |
| 13:16 | Dragonhawk Rider |
| 13:34 | Arcane Sanctum |
| 13:35 | Imbued Masonry |
| 13:36 | Advanced Lumber Harvesting |
| 14:03 | Staff of Sanctuary |
| 14:12 | Guard Tower |
| 14:30 | Guard Tower |
| 14:31 | Guard Tower |
| 14:33 | Farm |
| 14:34 | Studded Leather Armor |
| 14:42 | Barracks |
| 14:53 | Holy Light |
| 14:54 | Staff of Sanctuary |
| 15:03 | Bash |
| 15:13 | Dragonhawk Rider |
| 15:15 | Dragonhawk Rider |
| 15:35 | Staff of Teleportation |
| 15:36 | Boots of Speed |
| 15:56 | Guard Tower |
| 15:58 | Arcane Tower |
| 15:58 | Arcane Tower |
| 16:00 | Magic Sentry |
| 16:00 | Priest |
| 16:08 | Animal War Training |
| 16:53 | Scout Tower |
| 16:54 | Scout Tower |
| 16:54 | Scout Tower |
| 16:55 | Scout Tower |
| 17:07 | Staff of Sanctuary |
| 17:16 | Dragonhawk Rider |
| 18:31 | Brilliance Aura |
| 18:32 | Guard Tower |
| 18:33 | Guard Tower |
| 18:36 | Town Hall |
| 18:38 | Scout Tower |
| 18:39 | Scout Tower |
| 18:39 | Scout Tower |
| 18:40 | Scout Tower |
| 18:40 | Scout Tower |
| 18:41 | Scout Tower |
| 18:41 | Scout Tower |
| 18:42 | Scout Tower |
| 18:42 | Scout Tower |
| 18:42 | Scout Tower |
| 18:43 | Scout Tower |
| 18:44 | Scout Tower |
| 18:44 | Scout Tower |
| 18:45 | Scout Tower |
| 18:45 | Scout Tower |
| 18:45 | Scout Tower |
| 18:46 | Scout Tower |
| 18:47 | Scout Tower |
| 18:47 | Scout Tower |
| 20:23 | Dragonhawk Rider |
| 20:27 | Guard Tower |
| 20:30 | Town Hall |
| 20:36 | Peasant |
| 20:36 | Peasant |
| 20:37 | Peasant |
| 20:37 | Peasant |
| 20:42 | Scout Tower |
| 20:43 | Scout Tower |
| 20:43 | Scout Tower |
| 20:43 | Scout Tower |
| 20:44 | Scout Tower |
| 20:44 | Scout Tower |
| 20:44 | Scout Tower |
| 20:45 | Scout Tower |
| 20:45 | Scout Tower |
| 20:46 | Scout Tower |
| 20:58 | Reinforced Leather Armor |
| 21:47 | Divine Shield |
| 21:48 | Storm Bolt |
| 22:41 | Town Hall |
| 22:53 | Scout Tower |
| 22:53 | Scout Tower |
| 22:54 | Scout Tower |
| 22:54 | Scout Tower |
| 22:55 | Scout Tower |
| 22:55 | Scout Tower |
| 22:56 | Scout Tower |
| 22:57 | Scout Tower |
| 22:58 | Scout Tower |
| 22:58 | Scout Tower |
| 22:59 | Scout Tower |
| 23:23 | Arcane Tower |
| 23:49 | Guard Tower |
| 23:52 | Scroll of Town Portal |
| 24:37 | Guard Tower |
| Right click | 2527 |
| Select | 615 |
| Select group | 471 |
| Build/train/purchase | 202 |
| Chat | 94 |
| Use ability | 91 |
| Misc. action | 25 |
| Assign group | 20 |
| Minimap ping | 13 |
| Resource trade | 7 |
| Item give/drop | 2 |


| Peasant | 6 | 450 | / | 0 |
| Gryphon Rider | 15 | 4200 | / | 1050 |
| Goblin Shredder | 1 | 375 | / | 100 |
| total: | 22 | 5025g | / | 1150w |
| Scout Tower | 30 | 900 | / | 600 |
| Guard Tower | 25 | 1750 | / | 1250 |
| Altar of Kings | 1 | 180 | / | 50 |
| Farm | 7 | 560 | / | 140 |
| Lumber Mill | 1 | 120 | / | 0 |
| Blacksmith | 1 | 140 | / | 60 |
| Town Hall | 1 | 385 | / | 205 |
| Barracks | 1 | 160 | / | 60 |
| Gryphon Aviary | 2 | 280 | / | 300 |
| Keep | 1 | 320 | / | 210 |
| Castle | 1 | 360 | / | 210 |
| total: | 44 | 2725g | / | 1415w |
| 0:03 | Peasant |
| 0:03 | Peasant |
| 0:03 | Peasant |
| 0:05 | Altar of Kings |
| 0:20 | Farm |
| 0:22 | Peasant |
| 0:42 | Lumber Mill |
| 0:55 | Peasant |
| 0:55 | Peasant |
| 1:13 | Farm |
| 1:34 | Scout Tower |
| 1:36 | Scout Tower |
| 2:08 | Scout Tower |
| 2:10 | Scout Tower |
| 2:18 | Scout Tower |
| 2:20 | Flame Strike |
| 2:58 | Scout Tower |
| 3:11 | Keep |
| 3:26 | Scout Tower |
| 3:34 | Guard Tower |
| 4:00 | Guard Tower |
| 4:02 | Guard Tower |
| 4:04 | Scout Tower |
| 4:26 | Guard Tower |
| 4:32 | Scout Tower |
| 4:35 | Scout Tower |
| 4:58 | Guard Tower |
| 5:10 | Guard Tower |
| 5:11 | Guard Tower |
| 5:35 | Scout Tower |
| 6:09 | Scout Tower |
| 6:10 | Guard Tower |
| 6:10 | Guard Tower |
| 6:14 | Improved Lumber Harvesting |
| 6:45 | Scout Tower |
| 6:45 | Guard Tower |
| 6:58 | Banish |
| 7:14 | Scout Tower |
| 7:14 | Guard Tower |
| 7:43 | Guard Tower |
| 7:45 | Scout Tower |
| 8:14 | Scout Tower |
| 8:14 | Guard Tower |
| 8:36 | Blizzard |
| 9:07 | Scout Tower |
| 9:07 | Guard Tower |
| 9:32 | Castle |
| 9:34 | Guard Tower |
| 11:25 | Gryphon Aviary |
| 11:28 | Blacksmith |
| 12:00 | Scout Tower |
| 12:03 | Farm |
| 12:25 | Farm |
| 12:26 | Advanced Lumber Harvesting |
| 12:45 | Storm Hammers |
| 12:46 | Gryphon Rider |
| 12:46 | Gryphon Rider |
| 13:07 | Farm |
| 13:52 | Farm |
| 13:53 | Gryphon Rider |
| 13:53 | Gryphon Rider |
| 13:53 | Gryphon Rider |
| 14:04 | Flame Strike |
| 14:23 | Farm |
| 14:25 | Scout Tower |
| 14:27 | Improved Masonry |
| 14:56 | Scout Tower |
| 14:57 | Guard Tower |
| 15:01 | Scout Tower |
| 15:13 | Iron Forged Swords |
| 15:27 | Guard Tower |
| 15:41 | Scout Tower |
| 15:42 | Guard Tower |
| 16:13 | Guard Tower |
| 16:15 | Scout Tower |
| 16:53 | Town Hall |
| 17:15 | Guard Tower |
| 18:23 | Goblin Shredder |
| 18:53 | Brilliance Aura |
| 20:30 | Scout Tower |
| 20:32 | Scout Tower |
| 20:33 | Scout Tower |
| 20:34 | Scout Tower |
| 20:35 | Scout Tower |
| 21:03 | Guard Tower |
| 21:09 | Guard Tower |
| 21:11 | Guard Tower |
| 21:14 | Scout Tower |
| 21:16 | Scout Tower |
| 21:38 | Guard Tower |
| 21:40 | Gryphon Rider |
| 21:40 | Gryphon Rider |
| 21:40 | Gryphon Rider |
| 21:41 | Gryphon Rider |
| 21:41 | Gryphon Rider |
| 21:44 | Guard Tower |
| 21:55 | Gryphon Aviary |
| 22:16 | Blizzard |
| 22:26 | Gryphon Rider |
| 22:26 | Gryphon Rider |
| 23:22 | Gryphon Rider |
| 23:22 | Gryphon Rider |
| 23:22 | Gryphon Rider |
| 24:24 | Steel Forged Swords |
| 24:24 | Studded Leather Armor |
| 24:36 | Barracks |
| Right click | 440 |
| Select | 359 |
| Select group | 188 |
| Build/train/purchase | 68 |
| Use ability | 27 |
| Remove unit | 15 |
| Assign group | 14 |
| Resource trade | 8 |
| Minimap ping | 3 |


| Healing Salve | 4 | 400 |
| Orb of Lightning | 1 | 375 |
| Boots of Speed | 2 | 500 |
| Staff of Teleportation | 2 | 300 |
| total: | 9 | 1575g |
| Peon | 12 | 900 | / | 0 |
| Troll Batrider | 18 | 2880 | / | 720 |
| Goblin Shredder | 1 | 375 | / | 100 |
| total: | 31 | 4155g | / | 820w |
| Watch Tower | 26 | 2860 | / | 2080 |
| Altar of Storms | 1 | 180 | / | 50 |
| Orc Burrow | 3 | 480 | / | 120 |
| War Mill | 1 | 205 | / | 0 |
| Voodoo Lounge | 2 | 260 | / | 60 |
| Great Hall | 1 | 385 | / | 185 |
| Beastiary | 5 | 725 | / | 700 |
| Stronghold | 1 | 315 | / | 190 |
| Fortress | 1 | 325 | / | 190 |
| total: | 39 | 5095g | / | 3195w |
| 0:02 | Peon |
| 0:02 | Peon |
| 0:05 | Altar of Storms |
| 0:17 | Orc Burrow |
| 0:33 | War Mill |
| 0:36 | Peon |
| 0:48 | Peon |
| 1:05 | Peon |
| 1:20 | Voodoo Lounge |
| 1:23 | Peon |
| 1:35 | Peon |
| 1:46 | Watch Tower |
| 1:52 | Peon |
| 1:59 | Orc Burrow |
| 2:09 | Wind Walk |
| 2:15 | Peon |
| 2:23 | Watch Tower |
| 2:30 | Peon |
| 2:48 | Healing Salve |
| 2:54 | Peon |
| 2:55 | Peon |
| 3:21 | Stronghold |
| 3:24 | Watch Tower |
| 3:41 | Boots of Speed |
| 3:45 | Staff of Teleportation |
| 4:06 | Watch Tower |
| 5:12 | Watch Tower |
| 5:31 | Watch Tower |
| 5:47 | Beastiary |
| 5:49 | Fortress |
| 6:16 | Beastiary |
| 6:30 | Orc Burrow |
| 6:44 | Hex |
| 7:04 | Troll Batrider |
| 7:31 | Great Hall |
| 7:35 | Troll Batrider |
| 7:42 | Critical Strike |
| 7:48 | Voodoo Lounge |
| 8:06 | Troll Batrider |
| 8:09 | Troll Batrider |
| 8:31 | Liquid Fire |
| 8:37 | Troll Batrider |
| 9:17 | Troll Batrider |
| 9:19 | Steel Ranged Weapons |
| 9:26 | Healing Wave |
| 9:34 | Beastiary |
| 10:20 | Watch Tower |
| 11:40 | Troll Batrider |
| 11:58 | Watch Tower |
| 12:04 | Goblin Shredder |
| 12:21 | Troll Batrider |
| 12:49 | Troll Batrider |
| 12:58 | Thorium Ranged Weapons |
| 13:09 | Watch Tower |
| 13:12 | Reinforced Defenses |
| 13:12 | Spiked Barricades |
| 13:47 | Troll Batrider |
| 14:12 | Watch Tower |
| 14:45 | Troll Batrider |
| 14:52 | Watch Tower |
| 14:54 | Watch Tower |
| 14:56 | Watch Tower |
| 15:16 | Watch Tower |
| 15:20 | Watch Tower |
| 15:21 | Watch Tower |
| 15:37 | Wind Walk |
| 15:44 | Troll Batrider |
| 15:53 | Healing Salve |
| 15:56 | Orb of Lightning |
| 16:01 | Troll Batrider |
| 16:04 | Watch Tower |
| 16:06 | Watch Tower |
| 16:09 | Watch Tower |
| 16:20 | Watch Tower |
| 16:56 | Steel Armor |
| 17:04 | Healing Salve |
| 17:10 | Watch Tower |
| 18:03 | Watch Tower |
| 18:29 | Watch Tower |
| 18:34 | Boots of Speed |
| 18:34 | Staff of Teleportation |
| 20:08 | Healing Wave |
| 20:25 | Troll Batrider |
| 20:25 | Troll Batrider |
| 20:28 | Beastiary |
| 20:31 | Arcanite Ranged Weapons |
| 20:31 | Thorium Armor |
| 20:49 | Beastiary |
| 21:26 | Troll Batrider |
| 21:30 | Watch Tower |
| 21:35 | Healing Salve |
| 22:04 | Improved Spiked Barricades |
| 23:07 | Watch Tower |
| 23:35 | Troll Batrider |
| 24:01 | Watch Tower |
| 24:22 | Troll Batrider |
| Right click | 1654 |
| Select group | 440 |
| Select | 427 |
| Build/train/purchase | 76 |
| Misc. action | 47 |
| Use ability | 38 |
| Assign group | 15 |
| Minimap ping | 5 |
| Item give/drop | 2 |
| Remove unit | 1 |
⇛